[ AOE2 MATCH · #467236477 ]
1v1 RMTatars vs Persians
Player's team · WIN
Rival team · LOSS
[ REPLAY ANALYSIS · EXTRACTED FROM THE RECORDED GAME ]
Feudal
8:51
Castle
20:16
Imperial
37:35
| APM avg | 42.5 |
| APM peak | 90 |
| eAPM avg | 24.3 |
| Villagers / military | 157 / 172 |
Focus
⚔️ 35.1% · 🌾 64.9%
Cavalry Archer ×115 · Camel Scout ×36 · Trebuchet (Packed) ×13 · Scout Cavalry ×7 · Spearman ×1
Feudal
8:25
Castle
21:07
Imperial
—
| APM avg | 43.7 |
| APM peak | 76 |
| eAPM avg | 22.5 |
| Villagers / military | 109 / 160 |
Focus
⚔️ 35.4% · 🌾 64.6%
Knight ×87 · Skirmisher ×29 · Scout Cavalry ×13 · Scorpion ×8 · Spearman ×6 · Mangonel ×6
Match map
Initial resources + every placement click. Lines = walls · curves = elevation contours. ◆ gold · ⬟ stone · ● berries · ✦ relic · ◌ wall gap
Your base· ✓ Closed at 20:16 · 46t walls · 1 gate(s)
[B4R] Vicnte's base· ✓ Closed at 21:07 · 65t walls · 3 gate(s)
Smoothed initial terrain · ◌ = detected wall gap · hover for details
Inputs per minute
— 1526359785 - - [B4R] Vicnte
Build order — 1526359785
First 150 of 547 actions detected
| 0:01 | Create | Villager (Male) |
| 0:02 | Create | Villager (Male) |
| 0:02 | Build | House |
| 0:04 | Build | House |
| 0:08 | Create | Villager (Male) |
| 0:18 | Create | Villager (Male) |
| 1:28 | Create | Villager (Male) |
| 1:29 | Create | Villager (Male) |
| 1:46 | Build | Lumber Camp |
| 1:53 | Create | Villager (Male) |
| 1:53 | Create | Villager (Male) |
| 2:03 | Build | Lumber Camp |
| 2:19 | Create | Villager (Male) |
| 2:20 | Create | Villager (Male) |
| 2:33 | Create | Villager (Male) |
| 2:33 | Create | Villager (Male) |
| 3:03 | Create | Villager (Male) |
| 3:03 | Create | Villager (Male) |
| 3:37 | Create | Villager (Male) |
| 3:38 | Create | Villager (Male) |
| 3:54 | Build | House |
| 4:01 | Create | Villager (Male) |
| 4:20 | Create | Villager (Male) |
| 4:31 | Build | Palisade Wall |
| 4:45 | Create | Villager (Male) |
| 4:45 | Create | Villager (Male) |
| 4:58 | Create | Villager (Male) |
| 4:58 | Create | Villager (Male) |
| 5:08 | Build | Mill |
| 5:34 | Create | Villager (Male) |
| 5:34 | Research | Loom |
| 6:39 | Research | Feudal Age |
| 6:56 | Build | House |
| 7:32 | Build | Barracks |
| 7:39 | Create | Villager (Male) |
| 8:09 | Build | House |
| 8:11 | Create | Villager (Male) |
| 8:51 | Age | Feudal Age |
| 9:00 | Build | Stable |
| 9:05 | Research | Double-Bit Axe |
| 9:10 | Research | Horse Collar |
| 9:23 | Create | Villager (Male) |
| 9:25 | Create | Spearman |
| 9:41 | Create | Scout Cavalry |
| 9:41 | Create | Scout Cavalry |
| 9:47 | Build | House |
| 9:54 | Create | Villager (Male) |
| 9:56 | Build | Farm |
| 10:06 | Create | Villager (Male) |
| 10:10 | Build | Farm |
| 10:21 | Build | Farm |
| 10:26 | Create | Scout Cavalry |
| 10:29 | Build | Palisade Wall |
| 10:31 | Create | Villager (Male) |
| 10:47 | Build | Farm |
| 10:53 | Create | Villager (Male) |
| 11:02 | Build | Palisade Wall |
| 11:04 | Create | Villager (Male) |
| 11:12 | Create | Scout Cavalry |
| 11:12 | Create | Scout Cavalry |
| 11:27 | Create | Villager (Male) |
| 11:30 | Build | Farm |
| 11:40 | Build | Farm |
| 11:53 | Create | Scout Cavalry |
| 11:56 | Create | Villager (Male) |
| 11:58 | Build | Farm |
| 12:14 | Build | House |
| 12:31 | Build | Farm |
| 12:31 | Create | Villager (Male) |
| 12:35 | Build | House |
| 12:38 | Create | Scout Cavalry |
| 12:41 | Build | Palisade Wall |
| 12:52 | Build | House |
| 12:53 | Build | Palisade Wall |
| 13:00 | Build | Farm |
| 13:02 | Create | Villager (Male) |
| 13:10 | Build | House |
| 13:13 | Create | Villager (Male) |
| 13:21 | Build | House |
| 13:39 | Create | Villager (Male) |
| 13:51 | Build | Palisade Wall |
| 14:01 | Build | House |
| 14:03 | Build | Palisade Wall |
| 14:07 | Create | Villager (Male) |
| 14:20 | Build | Farm |
| 14:31 | Create | Villager (Male) |
| 14:41 | Build | Farm |
| 14:49 | Build | Farm |
| 15:05 | Create | Villager (Male) |
| 15:11 | Build | Farm |
| 15:13 | Build | Farm |
| 15:23 | Build | Palisade Wall |
| 15:27 | Create | Villager (Male) |
| 15:29 | Build | Mining Camp |
| 15:42 | Build | Palisade Gate |
| 15:46 | Build | Palisade Wall |
| 15:52 | Create | Villager (Male) |
| 16:11 | Build | Blacksmith |
| 16:22 | Create | Villager (Male) |
| 16:49 | Create | Villager (Male) |
| 16:53 | Research | Fletching |
| 16:59 | Research | Padded Archer Armor |
| 17:29 | Create | Villager (Male) |
| 17:35 | Research | Castle Age |
| 17:47 | Build | Archery Range |
| 17:58 | Research | Fletching |
| 18:21 | Build | Archery Range |
| 18:41 | Create | Villager (Male) |
| 18:41 | Create | Villager (Male) |
| 18:44 | Build | Lumber Camp |
| 18:53 | Research | Bloodlines |
| 20:16 | Age | Castle Age |
| 20:20 | Research | Bodkin Arrow |
| 20:20 | Research | Leather Archer Armor |
| 20:23 | Research | Husbandry |
| 20:24 | Create | Cavalry Archer |
| 20:24 | Create | Cavalry Archer |
| 20:24 | Create | Cavalry Archer |
| 20:25 | Create | Villager (Male) |
| 20:30 | Build | University |
| 20:40 | Build | Town Center |
| 20:52 | Create | Cavalry Archer |
| 20:52 | Create | Cavalry Archer |
| 21:08 | Create | Villager (Male) |
| 21:10 | Research | Gold Mining |
| 21:14 | Create | Cavalry Archer |
| 21:14 | Create | Cavalry Archer |
| 21:25 | Research | Bow Saw |
| 21:25 | Research | Bow Saw |
| 21:50 | Create | Villager (Male) |
| 21:55 | Create | Villager (Male) |
| 22:03 | Build | House |
| 22:10 | Create | Cavalry Archer |
| 22:10 | Create | Cavalry Archer |
| 22:21 | Create | Villager (Male) |
| 22:31 | Create | Cavalry Archer |
| 22:31 | Create | Cavalry Archer |
| 22:31 | Create | Villager (Male) |
| 22:38 | Research | Ballistics |
| 22:38 | Research | Ballistics |
| 22:41 | Create | Villager (Male) |
| 22:53 | Create | Villager (Male) |
| 23:09 | Create | Villager (Male) |
| 23:09 | Create | Villager (Male) |
| 23:15 | Create | Cavalry Archer |
| 23:16 | Create | Cavalry Archer |
| 23:24 | Create | Villager (Male) |
| 23:24 | Create | Villager (Male) |
| 23:26 | Build | Farm |
| 23:28 | Build | Farm |
Build order — [B4R] Vicnte
First 150 of 400 actions detected
| 0:00 | Create | Villager (Male) |
| 0:00 | Create | Villager (Male) |
| 0:01 | Create | Villager (Male) |
| 0:01 | Create | Villager (Male) |
| 0:01 | Create | Villager (Male) |
| 0:01 | Create | Villager (Male) |
| 0:03 | Build | House |
| 0:04 | Build | House |
| 1:28 | Create | Villager (Male) |
| 1:29 | Create | Villager (Male) |
| 2:20 | Build | Lumber Camp |
| 2:21 | Create | Villager (Male) |
| 2:21 | Create | Villager (Male) |
| 2:43 | Create | Villager (Male) |
| 2:43 | Create | Villager (Male) |
| 3:20 | Build | House |
| 3:26 | Create | Villager (Male) |
| 3:26 | Create | Villager (Male) |
| 4:03 | Build | Mill |
| 4:16 | Create | Villager (Male) |
| 4:23 | Create | Villager (Male) |
| 4:56 | Create | Villager (Male) |
| 4:56 | Create | Villager (Male) |
| 4:57 | Research | Loom |
| 6:19 | Research | Feudal Age |
| 6:34 | Build | Barracks |
| 7:00 | Build | House |
| 7:14 | Create | Villager (Male) |
| 8:07 | Build | House |
| 8:25 | Age | Feudal Age |
| 8:28 | Build | Stable |
| 8:32 | Research | Double-Bit Axe |
| 8:48 | Build | Palisade Wall |
| 8:49 | Create | Villager (Male) |
| 9:02 | Create | Villager (Male) |
| 9:06 | Create | Scout Cavalry |
| 9:06 | Create | Scout Cavalry |
| 9:25 | Build | House |
| 9:30 | Create | Villager (Male) |
| 9:43 | Create | Villager (Male) |
| 9:51 | Build | Blacksmith |
| 9:54 | Create | Scout Cavalry |
| 10:05 | Create | Villager (Male) |
| 10:11 | Build | Palisade Wall |
| 10:19 | Build | House |
| 10:21 | Build | Palisade Wall |
| 10:33 | Create | Spearman |
| 10:35 | Build | Palisade Wall |
| 10:36 | Build | Palisade Wall |
| 10:38 | Build | Palisade Wall |
| 10:40 | Build | Palisade Wall |
| 10:40 | Build | Palisade Wall |
| 10:41 | Build | Palisade Wall |
| 10:44 | Create | Villager (Male) |
| 10:53 | Build | Palisade Wall |
| 11:00 | Create | Villager (Male) |
| 11:03 | Build | Palisade Wall |
| 11:08 | Build | Palisade Wall |
| 11:29 | Create | Villager (Male) |
| 11:44 | Research | Horse Collar |
| 11:44 | Research | Horse Collar |
| 11:52 | Create | Villager (Male) |
| 12:07 | Build | Palisade Wall |
| 12:16 | Create | Villager (Male) |
| 12:28 | Create | Villager (Male) |
| 12:38 | Build | House |
| 12:45 | Build | Farm |
| 12:45 | Build | Farm |
| 12:45 | Build | Farm |
| 12:45 | Build | Farm |
| 12:46 | Build | Farm |
| 12:49 | Build | Mining Camp |
| 12:52 | Create | Villager (Male) |
| 13:01 | Build | Palisade Wall |
| 13:16 | Create | Villager (Male) |
| 13:39 | Build | House |
| 13:40 | Create | Villager (Male) |
| 13:45 | Build | Farm |
| 13:51 | Create | Villager (Male) |
| 14:00 | Build | Market |
| 14:06 | Build | Farm |
| 14:08 | Create | Spearman |
| 14:15 | Build | Farm |
| 14:34 | Create | Spearman |
| 14:41 | Build | Palisade Wall |
| 14:46 | Create | Spearman |
| 14:55 | Create | Villager (Male) |
| 14:58 | Build | Farm |
| 14:59 | Build | Farm |
| 15:05 | Build | House |
| 15:09 | Create | Villager (Male) |
| 15:16 | Build | Farm |
| 15:24 | Create | Villager (Male) |
| 15:45 | Build | Farm |
| 15:49 | Build | Farm |
| 15:54 | Build | Farm |
| 16:09 | Create | Villager (Male) |
| 16:17 | Build | Lumber Camp |
| 16:22 | Build | House |
| 16:31 | Research | Wheelbarrow |
| 16:38 | Build | Farm |
| 16:49 | Build | Palisade Wall |
| 16:50 | Build | Palisade Wall |
| 17:01 | Create | Villager (Male) |
| 17:06 | Build | Palisade Wall |
| 17:07 | Build | Palisade Wall |
| 17:10 | Build | Palisade Wall |
| 17:20 | Build | Palisade Wall |
| 17:32 | Create | Villager (Male) |
| 17:52 | Build | Farm |
| 17:53 | Build | Farm |
| 18:04 | Build | House |
| 18:08 | Build | Farm |
| 18:15 | Build | Palisade Wall |
| 18:42 | Research | Castle Age |
| 18:49 | Build | House |
| 19:01 | Build | Palisade Gate |
| 19:07 | Build | Palisade Gate |
| 19:07 | Build | Palisade Gate |
| 19:12 | Research | Gold Mining |
| 19:18 | Create | Scout Cavalry |
| 19:33 | Build | Stable |
| 19:46 | Research | Bloodlines |
| 20:19 | Build | Farm |
| 20:45 | Build | Stable |
| 20:52 | Create | Villager (Male) |
| 20:57 | Research | Scale Barding Armor |
| 20:58 | Research | Forging |
| 21:07 | Age | Castle Age |
| 21:14 | Create | Knight |
| 21:14 | Create | Knight |
| 21:14 | Create | Knight |
| 21:27 | Create | Villager (Male) |
| 21:31 | Create | Knight |
| 21:31 | Create | Knight |
| 21:39 | Create | Knight |
| 21:39 | Create | Knight |
| 21:40 | Create | Knight |
| 21:50 | Build | Farm |
| 21:58 | Create | Villager (Male) |
| 22:18 | Create | Villager (Male) |
| 22:27 | Create | Knight |
| 22:28 | Research | Husbandry |
| 22:34 | Create | Villager (Male) |
| 22:40 | Build | Farm |
| 22:42 | Create | Knight |
| 22:42 | Create | Knight |
| 22:42 | Create | Knight |
| 22:56 | Create | Villager (Male) |
| 22:58 | Build | Farm |
Match timeline
| 4:31 | 1526359785 · wall_segment Palisade Wall x1 |
| 6:34 | [B4R] Vicnte · first_building Barracks |
| 7:32 | 1526359785 · first_building Barracks |
| 8:25 | [B4R] Vicnte · age_up feudal |
| 8:28 | [B4R] Vicnte · first_building Stable |
| 8:48 | [B4R] Vicnte · wall_segment Palisade Wall x9 |
| 8:51 | 1526359785 · age_up feudal |
| 9:00 | 1526359785 · first_building Stable |
| 10:11 | [B4R] Vicnte · wall_segment Palisade Wall x13 |
| 10:21 | [B4R] Vicnte · wall_segment Palisade Wall x13 |
| 10:29 | 1526359785 · wall_segment Palisade Wall x16 |
| 10:35 | [B4R] Vicnte · wall_segment Palisade Wall x1 |
| 10:36 | [B4R] Vicnte · wall_segment Palisade Wall x1 |
| 10:38 | [B4R] Vicnte · wall_segment Palisade Wall x1 |
| 10:40 | [B4R] Vicnte · wall_segment Palisade Wall x1 |
| 10:40 | [B4R] Vicnte · wall_segment Palisade Wall x1 |
| 10:41 | [B4R] Vicnte · wall_segment Palisade Wall x1 |
| 10:53 | [B4R] Vicnte · wall_segment Palisade Wall x8 |
| 11:02 | 1526359785 · wall_segment Palisade Wall x7 |
| 11:03 | [B4R] Vicnte · wall_segment Palisade Wall x2 |
| 11:08 | [B4R] Vicnte · wall_segment Palisade Wall x1 |
| 12:07 | [B4R] Vicnte · wall_segment Palisade Wall x9 |
| 12:41 | 1526359785 · wall_segment Palisade Wall x5 |
| 12:53 | 1526359785 · wall_segment Palisade Wall x1 |
| 13:01 | [B4R] Vicnte · wall_segment Palisade Wall x5 |
| 13:51 | 1526359785 · wall_segment Palisade Wall x9 |
| 14:03 | 1526359785 · wall_segment Palisade Wall x5 |
| 14:41 | [B4R] Vicnte · wall_segment Palisade Wall x1 |
| 15:23 | 1526359785 · wall_segment Palisade Wall x1 |
| 15:46 | 1526359785 · wall_segment Palisade Wall x1 |
| 16:49 | [B4R] Vicnte · wall_segment Palisade Wall x1 |
| 16:50 | [B4R] Vicnte · wall_segment Palisade Wall x1 |
| 17:06 | [B4R] Vicnte · wall_segment Palisade Wall x1 |
| 17:07 | [B4R] Vicnte · wall_segment Palisade Wall x1 |
| 17:10 | [B4R] Vicnte · wall_segment Palisade Wall x1 |
| 17:20 | [B4R] Vicnte · wall_segment Palisade Wall x1 |
| 17:47 | 1526359785 · first_building Archery Range |
| 18:15 | [B4R] Vicnte · wall_segment Palisade Wall x1 |
| 18:20 | [B4R] Vicnte · first_market_buy 100 food |
| 18:27 | [B4R] Vicnte · first_market_sell 100 wood |
| 20:16 | 1526359785 · age_up castle |
| 21:07 | [B4R] Vicnte · age_up castle |
| 23:44 | [B4R] Vicnte · wall_segment Palisade Wall x1 |
| 26:16 | [B4R] Vicnte · first_building Archery Range |
| 26:25 | [B4R] Vicnte · first_building Siege Workshop |
| 33:31 | 1526359785 · first_market_sell 100 food |
| 33:42 | [B4R] Vicnte · first_building Monastery |
| 33:53 | 1526359785 · first_building Monastery |
| 35:23 | [B4R] Vicnte · first_building Castle |
| 35:33 | 1526359785 · first_building Castle |
| 36:31 | 1526359785 · wall_segment Stone Wall x1 |
| 37:35 | 1526359785 · age_up imperial |
| 45:18 | [B4R] Vicnte · wall_segment Stone Wall x1 |
| 48:25 | [B4R] Vicnte · resign |
[ AI ANALYSIS · 1 CREDIT ]
What really happened in this match?
Wolo.gg analyzes every decision: build order, eco, micro, common mistakes by bracket. Personalized analysis on WhatsApp or Discord in 30 seconds.
Civ guide
Tatars
Map guide
Arabia
Perfil
Jugador #23948893